 Dungeon Crawl Stone Soup version 0.28-a0-21-gf74fda84f9 (webtiles) character file.

Game seed: 17064219263758899202

1010 Nausicaa the Ruffian (level 8, -6/78 HPs)
             Began as a Troll Delver on July 26, 2021.
             Was an Initiate of Gozag.
             Engulfed by a cloud of steam (7 damage)
             ... on level 7 of the Dungeon.
             The game lasted 00:06:28 (591 turns).

Nausicaa the Ruffian (Troll Delver)                  Turns: 591, Time: 00:06:28

Health: -6/78      AC:  4    Str: 21    XL:     8   Next: 1%
Magic:  7/7        EV: 10    Int:  8    God:    Gozag
Gold:   149        SH:  5    Dex: 11    Spells: 7/7 levels left

rFire   . . .      SeeInvis .     - Unarmed
rCold   . . .      Faith    .   (no shield)
rNeg    . . .      Spirit   .   a - +0 robe
rPois   .          Reflect  +   (helmet restricted)
rElec   .          Harm     .   (no cloak)
rCorr   .          Rampage  .   (gloves unavailable)
Will    .....                   (boots unavailable)
Stlth   ++........              l - amulet of reflection
HPRegen 1.23/turn               (no ring)
MPRegen 0.10/turn               (no ring)

@: gold aura
A: large, unfitting armour, claws 3, regeneration 1, shaggy fur 1, tough skin 1
a: Renounce Religion, Potion Petition, Call Merchant, Bribe Branch


You were on level 7 of the Dungeon.
You worshipped Gozag.
Gozag was aware of your devotion.
You visited 1 branch of the dungeon, and saw 4 of its levels.

You collected 214 gold pieces.
You paid 65 gold pieces to Gozag.

Inventory:

Hand Weapons
 h - a +0 quarterstaff
 i - a +0 morningstar
 r - a +0 giant club
 u - a +0 giant spiked club
Missiles
 k - 15 sling bullets
 n - 55 stones (quivered)
 t - 19 poisoned darts
 v - 24 bolts
Armour
 a - a +0 robe (worn)
Jewellery
 l - an amulet of reflection (around neck)
Wands
 f - a wand of digging (3)
 m - a wand of mindburst (13)
Scrolls
 b - a scroll of fog
 c - a scroll of magic mapping
 d - a scroll of fear
 p - a scroll of blinking {unknown}
 s - a scroll of enchant weapon {unknown}
Potions
 e - a potion of haste
 g - a potion of attraction {unknown}
 j - a potion of berserk rage {unknown}
 o - a potion of curing {unknown}
 q - a potion of degeneration {unknown}


   Skills:
 + Level 3.8 Fighting
 + Level 3.3 Dodging
 - Level 2.7 Stealth
 * Level 7.9 Unarmed Combat


You had 7 spell levels left.
You didn't know any spells.
Your spell library was empty.

Dungeon Overview and Level Annotations

Branches:
Dungeon (7/15)
 Temple: D:4-7

Altars:
Gozag
Ru


Innate Abilities, Weirdness & Mutations

You are too large for most types of armour.
You have claws for hands.
Your natural rate of healing is unusually fast.
You are covered in fur. (AC +1)
You have tough skin. (AC +1)


Message History

The steam dragon breathes steam at you. The ball of steam hits you!
The steam dragon bites you. The steam dragon completely misses you.
You barely miss the steam dragon.
The steam dragon is severely wounded.
You are engulfed in a cloud of scalding steam.
The centaur skeleton is engulfed in a cloud of scalding steam.
The centaur skeleton misses you.
The centaur skeleton closely misses you.
The steam dragon barely misses you. You block the steam dragon's attack.
You barely miss the steam dragon.
The steam dragon is severely wounded.
You are engulfed in a cloud of scalding steam.
The centaur skeleton closely misses you.
The centaur skeleton kicks you but does no damage.
You block the steam dragon's attack.
The steam dragon claws you but does no damage.
The centaur skeleton hits you.
* * * LOW HITPOINT WARNING * * *
The centaur skeleton kicks you but does no damage.
The steam dragon bites you.
* * * LOW HITPOINT WARNING * * *
The steam dragon barely misses you.
Unknown command.
You barely miss the steam dragon.
The steam dragon is severely wounded.
You block the centaur skeleton's attack.
The centaur skeleton closely misses you.
You barely miss the steam dragon.
The steam dragon is severely wounded.
The steam dragon breathes steam at you. The ball of steam hits you!!
* * * LOW HITPOINT WARNING * * *
The centaur skeleton barely misses you.
The centaur skeleton kicks you but does no damage.
You claw the steam dragon!
You kill the steam dragon!
You are engulfed in a cloud of scalding steam.
You die...
Your body crumbles into a pile of gold.

##.......................
.##...^.##.......§.......
........##.....§.........
...####.....................
..<.........................
............................
...........................#
...............Z$...##....#
#...............@§........
#..#.......##..§§§.#...###
...#...##........§.#<....#
........##...#.§§§.....###
........##..##.........#
.......####..........####
......#####...........#.##
.........................#
.........................#


You could see a centaur skeleton.

Vanquished Creatures
  A centaur zombie (D:7)
  A steam dragon (D:7)
  2 necrophages (D:6)
  2 ogres
  A scorpion (D:6)
  A wyvern skeleton (D:6)
  A howler monkey (D:7)
  A centaur skeleton (D:7)
  A jelly (D:6)
  An orc priest (D:6)
  An iguana (D:6)
  An adder (D:6)
  A howler monkey skeleton (D:6)
  A white imp (D:7)
  2 ufetubi (D:6)
  7 orcs (D:6)
25 creatures vanquished.

Notes
Turn   | Place    | Note
-------+----------+-------------------------------------------
     0 | D:5      | Nausicaa the Troll Delver began the quest for the Orb.
     0 | D:5      | Reached XP level 1. HP: 22/22 MP: 0/0
     1 | D:6      | Noticed a jelly
     6 | D:6      | Reached XP level 2. HP: 29/29 MP: 1/1
     8 | D:6      | Found a sacrificial altar of Ru.
    12 | D:6      | Reached skill level 3 in Unarmed Combat
    12 | D:6      | Reached XP level 3. HP: 34/36 MP: 2/2
    73 | D:6      | Reached skill level 4 in Unarmed Combat
    75 | D:6      | Reached XP level 4. HP: 24/44 MP: 3/3
    98 | D:6      | Reached skill level 5 in Unarmed Combat
   128 | D:6      | Reached XP level 5. HP: 21/50 MP: 4/4
   228 | D:6      | Noticed a necrophage
   243 | D:6      | Killed a necrophage
   244 | D:6      | Reached skill level 6 in Unarmed Combat
   244 | D:6      | Reached XP level 6. HP: 44/59 MP: 5/5
   244 | D:6      | Found an opulent altar of Gozag.
   342 | D:6      | Became a worshipper of Gozag Ym Sagoz the Greedy
   477 | D:7      | Reached skill level 7 in Unarmed Combat
   477 | D:7      | Reached XP level 7. HP: 49/67 MP: 6/6
   531 | D:7      | Reached XP level 8. HP: 45/78 MP: 7/7
   590 | D:7      | HP: 1/78 [steam dragon/ball of steam (18)]
   591 | D:7      | Engulfed by a cloud of steam

Illustrated notes

Levels and vault maps discovered:
D:4:      layout_loops_ring, gammafunk_temple_overflow_elements, uniq_menkaure
D:5:      layout_basic, lemuel_temple_firewalk_b
D:6:      minmay_chambers_of_threes, layout_rooms, grunt_temple_overflow_open
D:7:      layout_cave_pools

Skill      XL: |  1  2  3  4  5  6 |
---------------+-------------------+-----
Unarmed Combat | 3 4 5 6 7 |  7.9
Dodging        | 3 |  3.3
Fighting       | 3 |  3.8
Stealth        | |  2.7

Action                   |  1- 3 |  4- 6 |  7- 9 || total
-------------------------+-------+-------+-------++-------
Melee: Unarmed           |    18 |    72 |    23 ||   113
       Punch             |     1 |       |     1 ||     2
 Stab: Sleeping          |     1 |       |       ||     1
Armor: Robe              |     2 |    27 |    11 ||    40
Dodge: Dodged            |     4 |    52 |    14 ||    70
Block: Other             |       |       |     6 ||     6

Table legend: (Time is in decaauts)
 A = Elapsed time spent in this place.
 B = Non-inter-level travel time spent in this place.
 C = Inter-level travel time spent in this place.
 D = Time resting spent in this place.
 E = Time spent auto-exploring this place.
 F = Levels seen in this place.
 G = Mean time per level.
                   A        B        C        D        E       F      G
               +--------+--------+--------+--------+--------+-----+--------+
         Total |    582 |    553 |     29 |      0 |      0 |   4 |  145.5 |
       Dungeon |    582 |    553 |     29 |      0 |      0 |   4 |  145.5 |
               +--------+--------+--------+--------+--------+-----+--------+

Top non-repeatable levels by time:
     D:6: 395 daAuts
     D:7: 133 daAuts
     D:5: 52 daAuts
     D:4: 1 daAuts
